 Dungeon Crawl Stone Soup version 0.31-a0-986-g5e6e4ef867 (webtiles) character file.

Game seed: 17373960918614846391

109 gelatine the Digger (level 4, -2/27 HPs)
             Began as an Octopode Earth Elementalist on Nov 11, 2023.
             Slain by Terence
             ... wielding a +0 trident
              (6 damage)
             ... on level 3 of the Dungeon.
             The game lasted 00:06:04 (2156 turns).

gelatine the Digger (Octopode Earth Elementalist)   Turns: 2156, Time: 00:06:05

Health: -2/27      AC:  1    Str:  7    XL:     4   Next: 90%
Magic:  4/8        EV: 12    Int: 19    God:
Gold:   89         SH:  4    Dex: 12    Spells: 8/9 levels left

rFire   . . .        e - +2 whip (elec)
rCold   . . .        i - +0 buckler
rNeg    . . .        (helmet restricted)
rPois   .            (no amulet)
rElec   .            (no ring)
rCorr   .            (no ring)
SInv    .            (no ring)
Will    .....        (no ring)
Stlth   +++          (no ring)
HPRegen 0.24/turn    (no ring)
MPRegen 0.11/turn    (no ring)
                     (no ring)

%: no passive effects
@: no status effects
A: almost no armour, amphibious, 8 rings, camouflage 1, gelatinous body 1,
(nimble swimmer 1), tentacles
a: no special abilities


You were on level 3 of the Dungeon.
You visited 1 branch of the dungeon, and saw 3 of its levels.

You collected 89 gold pieces.

Inventory:

Hand Weapons
 e - a +2 whip of electrocution (weapon)
Armour
 i - a +0 buckler (worn)
Scrolls
 c - a scroll of enchant armour {unknown}
 f - a scroll of teleportation {unknown}
 h - 2 scrolls of identify {unknown}
Potions
 a - 2 potions of magic
 b - 5 potions of curing {unknown}
 d - 2 potions of berserk rage {unknown}
 g - a potion of enlightenment {unknown}
 j - a potion of lignification {unknown}


   Skills:
 + Level 0.1 Fighting
 + Level 2.0 Dodging
 + Level 3.0 Stealth
 * Level 0.2 Shields
 + Level 3.0 Spellcasting
 + Level 1.0 Transmutations
 * Level 4.6 Earth Magic


You had 8 spell levels left.
You knew the following spells:

 Your Spells              Type           Power      Damage    Failure   Level
a - Sandblast             Erth           40%        2d10      3%          1

Your spell library contained the following spells:

 Spells                   Type           Power      Damage    Failure   Level
 Passwall                 Tmut/Erth      10%        N/A       12%         2
 Stone Arrow              Conj/Erth      22%        3d8       30%         3
 Petrify                  Tmut/Erth      13%        N/A       63%         4
 Brom's Barrelling Bould  Conj/Erth      11%        2d3       69%         4


Dungeon Overview and Level Annotations

Branches:
Dungeon (3/15)

Altars:
Hepliaklqana
Qazlal
The Shining One

Annotations:
D:3 Terence


Innate Abilities, Weirdness & Mutations

You cannot wear most types of armour.
You are amphibious.
You can wear up to eight rings at the same time.
Your skin changes colour to match your surroundings (Stealth+).
Your rubbery body absorbs attacks. (AC +1, EV +1)
((You are camouflaged when in or above water. (Stealth+)))
You have tentacles for arms and can constrict up to eight enemies at once.


Message History

Magic restored.
Done exploring.
Okay, then.
You climb downwards.
Level annotation: Terence You block Terence's attack.
Terence misses you.
There is a stone staircase leading up here.
The blast of sand hits Terence but does no damage.
Terence bares his teeth.
Terence misses you.
The blast of sand hits Terence but does no damage.
Terence completely misses you. Terence misses you.
The blast of sand hits Terence but does no damage.
Terence hits you with a +0 trident.
The blast of sand hits Terence but does no damage.
Terence hits you with a +0 trident. You block Terence's attack.
You hit Terence but do no damage. You grab Terence.
You constrict Terence, but do no damage.
You block Terence's attack.
The blast of sand hits Terence.
Terence is lightly wounded.
You constrict Terence, but do no damage.
Terence hits you with a +0 trident!
You are too injured to fight recklessly!
You hit Terence but do no damage.
Terence is lightly wounded.
You constrict Terence, but do no damage.
Terence closely misses you.
You barely miss Terence.
Terence is lightly wounded.
You constrict Terence, but do no damage.
Terence says, "How do you enjoy it?" Terence hits you with a +0 trident!
* * * LOW HITPOINT WARNING * * *
You block Terence's attack.
You hit Terence.
Terence is lightly wounded.
You constrict Terence, but do no damage.
Terence hits you with a +0 trident.
You die...

#......####.......#<.......###.#.
+.................)..............
#####.###########.##.........#.##
#.†........†.[....##.#######.#...
+..................#.#..# #.#.##
#........._......#......####....#
#....)....8..##......#....##....#
#........._..##.#................
#.....[.........@..#.#####......#
########.#####..@........##.....#
#.# #.....#....###.#####
#.#####...†#########.#
#.##.......†..........
#.##.##............##. #...
+............ .# ## #............
#............


You could see Terence.

Vanquished Creatures
  An orc wizard (D:3)
  2 adders (D:2)
  2 worms (D:2)
  2 dart slugs
  3 orcs (D:3)
  4 endoplasms
  2 giant cockroaches
  4 goblins
  6 hobgoblins
  3 jackals (D:3)
  3 quokkas
  4 ball pythons
  3 bats
  A frilled lizard (D:1)
  4 kobolds
  8 rats
52 creatures vanquished.

Notes
Turn   | Place    | Note
-------+----------+-------------------------------------------
     0 | D:1      | gelatine the Octopode Earth Elementalist began the quest
                  | for the Orb.
     0 | D:1      | Reached XP level 1. HP: 11/11 MP: 3/3
   186 | D:1      | Reached XP level 2. HP: 17/17 MP: 1/5
   745 | D:1      | Reached XP level 3. HP: 21/21 MP: 4/6
   922 | D:2      | Found a stormy altar of Qazlal.
  1059 | D:2      | Reached skill level 4 in Earth Magic
  1390 | D:2      | Reached XP level 4. HP: 27/27 MP: 6/8
  1863 | D:3      | Found a glowing golden altar of the Shining One.
  1863 | D:3      | Found a hazy altar of Hepliaklqana.
  2116 | D:3      | Noticed Terence
  2156 | D:3      | Slain by Terence

Illustrated notes

Levels and vault maps discovered:
D:1:      lightli_molten_gateway, layout_basic
D:2:      layout_basic, basic_altar, minmay_misc_feat_columns
D:3:      layout_basic, chequers_temple_overflow_statue_of_worship,
          basic_ecumenical_altar, uniq_terence

Skill      XL: |  1  2  3  4 |
---------------+-------------+-----
Earth Magic    | 4 |  4.6
Stealth        | 3 |  3.0
Spellcasting   | 3 |  3.0
Fighting       | |  0.1
Dodging        | |  2.0
Shields        | |  0.2
Transmutations | |  1.0

Action                     |  1- 3 |  4- 6 || total
---------------------------+-------+-------++-------
  Melee: Whip              |     1 |     6 ||     7
         Constrict         |       |     1 ||     1
         Tentacles         |       |     1 ||     1
   Cast: Sandblast         |    44 |    29 ||    73
 Armour: Skin              |     3 |    12 ||    15
  Dodge: Dodged            |     2 |     7 ||     9
  Block: Buckler           |       |     4 ||     4

Table legend: (Time is in decaauts)
 A = Elapsed time spent in this place.
 B = Non-inter-level travel time spent in this place.
 C = Inter-level travel time spent in this place.
 D = Time resting spent in this place.
 E = Time spent auto-exploring this place.
 F = Levels seen in this place.
 G = Mean time per level.
                   A        B        C        D        E       F      G
               +--------+--------+--------+--------+--------+-----+--------+
         Total |   2193 |   2092 |    101 |      0 |   1776 |   3 |  731.0 |
       Dungeon |   2193 |   2092 |    101 |      0 |   1776 |   3 |  731.0 |
               +--------+--------+--------+--------+--------+-----+--------+

Top non-repeatable levels by time:
     D:2: 972 daAuts
     D:1: 933 daAuts
     D:3: 287 daAuts
